← All builds
Geo / Legion / Economy first / OBSERVED BUILD

Drone plant T2

Com-blow economy that adds a Legion Drone Plant before Advanced Geothermal, using the drones and T2 vehicles (anti-air, support) to send an Aeolus drop into the enemy base by mid-game instead of just funneling T2 units to front.

Blows up the commander for T2

#t2 #air #drop · 6 distinct matches · 3 players · 15% of Legion Geo games · team won 2 of 6 · Recently observed

THE CATCH, AND WHAT COMES WITH IT
  • AeolusAeolus in 67%15% of all Geo games by then
  • Legion DroneLegion Drone in 67%10% of all Geo games by then
  • CharonFlak in 67%18% of all Geo games by then
  • CiceroRadar jammer in 67%15% of all Geo games by then

Then transitions into Boreas (12% of army), Medusa (11% of army), transport (11% of army).

HOW TO PLAY IT

Key timing: Legion Drone Plant by 6:17

  1. Open mex, wind and Legion Bot Lab, com straight onto geo.
  2. Get Geothermal Powerplant up fast to fund the switch.
  3. Build Legion Drone Plant instead of the usual T2 lab path.
  4. Add T2 vehicle support "Cicero" and T2 vehicle anti-air "Charon".
  5. Load Aeolus and drop it behind enemy lines.

Phase by phase

TYPICAL OF ITS 6 GAMES · AGAINST STANDARD GEO
  1. 1
  2. 2
  3. 3
  4. 4
PLAY THE OPENING

Follow the example game's first 6:00 step by step: what to build now, what comes next, and where it goes. At 1× it keeps pace with your own game.

  1. 1

    Up to the Legion Bot Lab

    Economy
    • Metal Extractor3Mex
    • Wind Turbine4Wind+2 vs standard
    Order
    1. Legion Bot LabLegion Bot Lab after 3 mex, 4 winddone ~1:13, middle half 1:01–1:23

    By 0:57 in all: 3 mex · 4 wind (standard 2)

    The example game in this phase · 3 steps
    1. Mex ×2
    2. Wind ×4
    3. Legion Bot LabLegion Bot Labdone 0:58 · typical 1:13
  2. 2

    Legion Bot Lab to Legion Drone Plant

    Economy
    • Metal Extractor2Mex
    • Wind Turbine5Wind
    • Energy Converter9Converter
    • Energy Storage1Energy storage
    Order
    1. Geothermal PowerplantGeo after 4 mex, 7 wind, 1 energy storage
    2. Advanced Geothermal PowerplantAdvanced Geothermal Powerplant after 7 wind, 10 converter, 6 con turretin 50% of games
    3. Legion Drone PlantLegion Drone Plant after 11 wind, 10 converter, 8 con turretdone ~6:17, middle half 5:26–7:02
    Builders
    • Construction Turret7 Con turret
    • Zagreus5 Zagreus
    • Legion Construction Bot1 Legion Construction Bot
    • Zagreus1 Zagreus for allies
    • Legion Construction Bot1 Legion Construction Bot for allies

    Some games also: Advanced Geothermal Powerplant (50%) · metal storage (33%) · Goblin (33%)

    By 6:08 in all: 4 mex · 9 wind · 1 geo · 9 converter · 1 energy storage · 7 con turret

    The example game in this phase · 34 steps
    1. ZagreusZagreus
    2. Wind
    3. ZagreusZagreus
    4. Legion Construction BotLegion Construction Bot
    5. ZagreusZagreus
    6. Legion Construction BotLegion Construction Botfor Beach sea
    7. Mex
    8. ZagreusZagreusfor Beach sea
    9. ZagreusZagreus
    10. Energy storage
    11. Mex
    12. ZagreusZagreus
    13. Geothermal PowerplantGeodone 2:51 · typical 3:12
    14. Con turret ×3
    15. Converter
    16. Con turret
    17. Converter ×2
    18. Con turret
    19. Converter ×5
    20. Con turret
    21. Metal storage
    22. Con turret
    23. Wind ×14
    24. Converter ×3
    25. Advanced Metal ExtractorT2 mexdone 5:52 · typical 5:38
    26. Converter
    27. Advanced Metal ExtractorT2 mex
    28. Wind
    29. Advanced Metal ExtractorT2 mex
    30. Wind
    31. Advanced Metal ExtractorT2 mex
    32. Advanced Geothermal PowerplantAdvanced Geothermal Powerplantdone 7:05 · typical 7:05
    33. Wind ×2
    34. Legion Drone PlantLegion Drone Plantdone 7:10 · typical 6:17
  3. 3

    Legion Drone Plant to Legion Vehicle Plant

    Economy
    • Energy Converter2Converter
    Order
    1. Legion Vehicle PlantLegion Vehicle Plant after 7 wind, 12 converter, 7 con turretdone ~7:48, middle half 7:08–7:51

    Some games also: Legion Construction Aircraft (50%) · noctua (33%) · aeolus for allies (33%) · Advanced Geothermal Powerplant (33%)

    By 7:39 in all: 4 mex · 10 wind · 1 geo · 1 Advanced Geothermal Powerplant · 13 converter · 1 energy storage

    The example game in this phase · 12 steps
    1. NoctuaNoctua
    2. Legion Construction AircraftLegion Construction Aircraft
    3. NoctuaNoctua ×4
    4. Converter
    5. NoctuaNoctua ×3
    6. Converter
    7. NoctuaNoctua
    8. Converter
    9. NoctuaNoctua ×3
    10. Converter
    11. NoctuaNoctua
    12. Legion Vehicle PlantLegion Vehicle Plantdone 7:48 · typical 7:48
  4. 4

    Legion Vehicle Plant to 10:00

    Economy
    • Wind Turbine6Wind+6 vs standard
    • Energy Converter7Converter+2 vs standard
    Order
    1. Advanced Vehicle PlantAdvanced Vehicle Plant after 11 wind, 12 converter, 7 con turret
    Builders
    • Construction Turret2 Con turret +2 vs standard
    • Legion Construction Vehicle1 Legion Construction Vehicle
    • Advanced Construction Vehicle1 T2 con vehicle for allies
    Army
    • Pheme1 Mobile radar
    Other
    • Radar Tower1 Radar Tower

    Some games also: Medusa (50%) · radar jammer (50%) · noctua (33%) · Pharos (33%) · Bramble (33%)

    The standard build makes here, this one skips: 5 Arquebus

    By 10:00 in all: 4 mex · 20 wind (standard 9) · 1 geo · 1 Advanced Geothermal Powerplant · 20 converter · 1 energy storage

    The example game in this phase · 172 steps
    1. NoctuaNoctua
    2. Converter
    3. NoctuaNoctua ×2
    4. Legion Construction VehicleLegion Construction Vehicle
    5. NoctuaNoctua ×2
    6. Legion Construction VehicleLegion Construction Vehicle
    7. NoctuaNoctua ×3
    8. Metal storage
    9. Converter
    10. Con turret
    11. NoctuaNoctua
    12. Advanced Vehicle PlantAdvanced Vehicle Plantdone 8:42 · typical 8:42
    13. Converter ×2
    14. Con turret ×2
    15. Converter
    16. Advanced Construction VehicleT2 con vehiclefor Front
    17. Converter
    18. CiceroRadar jammer
    19. Converter
    20. PhemeMobile radar
    21. Fusion ReactorFusionfor Suicide frontdone 9:56
    22. Converter ×2
    23. MantisTransportdone 9:19 · typical 10:25
    24. Converter
    25. Legion DroneLegion Drone ×2
    26. MantisTransport
    27. Legion DroneLegion Drone ×5
    28. MantisTransport
    29. Legion DroneLegion Drone ×5
    30. MantisTransport
    31. Legion DroneLegion Drone ×4
    32. Converter
    33. Legion DroneLegion Drone
    34. MantisTransport
    35. Legion DroneLegion Drone ×2
    36. Converter
    37. Radar TowerRadar Tower
    38. Legion DroneLegion Drone ×3
    39. MantisTransport
    40. Legion DroneLegion Drone ×2
    41. Con turret
    42. Legion DroneLegion Drone ×5
    43. MantisTransport
    44. Legion DroneLegion Drone ×4
    45. Con turret
    46. Legion DroneLegion Drone ×2
    47. MantisTransport
    48. Legion DroneLegion Drone ×4
    49. Converter
    50. Legion DroneLegion Drone ×3
    51. MantisTransport
    52. Converter
    53. Legion DroneLegion Drone ×2
    54. Converter
    55. Wind
    56. Legion DroneLegion Drone ×3
    57. Converter
    58. Wind
    59. HeraAnti-nukedone 11:29 · typical 10:12
    60. Legion DroneLegion Drone
    61. Converter
    62. Legion DroneLegion Drone
    63. Wind
    64. Converter
    65. Legion DroneLegion Drone ×2
    66. Converter ×2
    67. Legion DroneLegion Drone ×2
    68. Converter
    69. Legion DroneLegion Drone
    70. Wind
    71. Converter
    72. Legion DroneLegion Drone ×2
    73. InfernoInfernodone 12:07
    74. Converter
    75. Wind
    76. Legion DroneLegion Drone ×3
    77. Converter
    78. Wind
    79. Converter ×2
    80. Legion DroneLegion Drone ×2
    81. Converter
    82. Legion DroneLegion Drone
    83. Wind
    84. Legion DroneLegion Drone
    85. Converter
    86. Legion DroneLegion Drone
    87. InfernoInferno
    88. Wind
    89. Legion DroneLegion Drone
    90. Con turret
    91. Legion DroneLegion Drone ×9
    92. Converter
    93. Wind
    94. Legion DroneLegion Drone ×3
    95. Converter
    96. Legion DroneLegion Drone ×2
    97. Converter
    98. Legion DroneLegion Drone ×4
    99. Converter
    100. Legion DroneLegion Drone ×2
    101. Converter
    102. Legion DroneLegion Drone ×3
    103. Converter
    104. Wind
    105. Legion DroneLegion Drone
    106. Converter
    107. Legion DroneLegion Drone ×4
    108. Converter
    109. HeraAnti-nuke
    110. Wind
    111. Legion DroneLegion Drone
    112. Converter
    113. Wind
    114. Legion DroneLegion Drone ×4
    115. Converter
    116. Legion DroneLegion Drone ×2
    117. Converter
    118. Con turret
    119. Legion DroneLegion Drone ×2
    120. Converter
    121. Legion DroneLegion Drone
    122. Wind
    123. Converter
    124. Wind
    125. Con turret
    126. Legion DroneLegion Drone
    127. Wind
    128. Con turret
    129. Legion DroneLegion Drone ×2
    130. Legion Advanced Aircraft PlantLegion Advanced Aircraft Plantdone 13:48
    131. Legion DroneLegion Drone
    132. Wind
    133. Legion DroneLegion Drone ×4
    134. Wind ×2
    135. AesacusTorpedo bomberdone 13:57
    136. Wind ×3
    137. Legion DroneLegion Drone
    138. Wind ×3
    139. Legion DroneLegion Drone ×4
    140. Wind
    141. AesacusTorpedo bomber
    142. Wind ×4
    143. Legion DroneLegion Drone ×3
    144. Wind
    145. AesacusTorpedo bomber
    146. Wind
    147. Legion DroneLegion Drone ×2
    148. Wind
    149. Legion DroneLegion Drone
    150. Wind ×2
    151. Legion DroneLegion Drone ×3
    152. Wind ×2
    153. Legion DroneLegion Drone ×3
    154. Wind
    155. Legion DroneLegion Drone
    156. AesacusTorpedo bomber
    157. Wind ×3
    158. Legion DroneLegion Drone
    159. Wind
    160. Legion DroneLegion Drone
    161. Wind
    162. AjaxAjax
    163. Wind ×3
    164. Legion DroneLegion Drone
    165. AjaxAjax
    166. Wind ×3
    167. AjaxAjax
    168. Wind ×2
    169. Legion DroneLegion Drone ×2
    170. Wind
    171. AjaxAjax
    172. Wind ×3

Counts are medians over the build's games: half of them build more, half fewer. The example game is UsurpeR's (43 OS, 24/09/2026); pick another.

Team trades

IN AT LEAST 30% OF ITS GAMES

You hand over

  • Zagreus1 Zagreus to Beach sea or Front or Suicide frontfirst at 1:54 · in 83% of games
  • Legion Construction Bot1 Legion Construction Bot to Beach seafirst at 2:15 · in 83% of games
  • Aeolus1 Aeolus to Front or Beach seafirst at 8:41 · in 33% of games
  • Advanced Construction Vehicle1 T2 con vehicle to Suicide front or Frontfirst at 10:00 · in 83% of games

You get

  • Aeolus1 Aeolus from Airfirst at 4:22 · in 33% of games
  • Advanced Construction Bot1 T2 con bot from Techfirst at 4:59 · in 100% of games

How it plays out

Typical game of this build against the role’s standard build, running totals by minute

  • This build
  • Standard geo

Metal produced

020k40k
0:005:0010:0015:00

metal

Enemy metal destroyed

05k10k15k
0:005:0010:0015:00

metal

Own metal lost

05k10k
0:005:0010:0015:00

metal

6 games.

Show as table
ByMetal produced: This buildMetal produced: Standard geoEnemy metal destroyed: This buildEnemy metal destroyed: Standard geoOwn metal lost: This buildOwn metal lost: Standard geo
1:003493320000
2:008528670000
3:00152115070000
4:00291827430000
5:00434136100000
6:00589358710000
7:00837985540000
8:0011944113750000
9:00148901419555065255
10:00178881704226518065255
11:002066120046528199465867
12:002331023165191841231801455
13:0026953263412834854116402850
14:00309342903048351086931806617
15:00349193260861841164831809400
WHAT THE NUMBERS SAY

Won less often than the standard build and destroyed far less enemy metal by 15:00 despite a strong economy.

  • + Metal produced ahead of standard at every checkpoint through 15:00.
  • + Own metal lost at 15:00 much lower (3180 vs 9400).
  • − Team win rate far lower (33% vs 75%).
  • − Enemy metal destroyed at 15:00 much lower (6184 vs 11648).
THE EXAMPLE YOU ARE READING

UsurpeR

42.6 OS · 24/09/2026

Open source match ↗

2 received units · includes a constructor
3795 metal received · 288942 energy received

Allied construction assistance is unknown. Timings are observations, not a promise of solo reproducibility.

Typical milestones

Legion Bot Lab1:13Middle 50%: 1:01–1:23 · n=6
Geothermal Powerplant3:12Middle 50%: 2:59–3:28 · n=6
Advanced Metal Extractor5:38Middle 50%: 5:22–6:18 · n=6
Legion Drone Plant6:17Middle 50%: 5:26–7:02 · n=4
Advanced Geothermal Powerplant7:05Middle 50%: 7:01–7:43 · n=5
Legion Vehicle Plant7:48Middle 50%: 7:08–7:51 · n=5
Medusa8:18Middle 50%: 8:15–8:55 · n=3
Advanced Vehicle Plant8:42Middle 50%: 7:50–8:44 · n=5
Hera10:12Middle 50%: 9:47–10:47 · n=4
Mantis10:25Middle 50%: 9:19–12:05 · n=4
Charon10:49Middle 50%: 10:45–11:44 · n=4

Played most by

[Grump]Matsuri3games of this buildUsurpeR2games of this build_X_1game of this build

Supporting games

Pick a game to read and play it above.

UsurpeR24/09/2026 · 43 OS↗_X_09/09/2026 · 50 OS↗UsurpeR06/09/2026 · 49 OS↗[Grump]Matsuri05/09/2026 · 41 OS↗[Grump]Matsuri05/09/2026 · 41 OS↗[Grump]Matsuri05/09/2026 · 41 OS↗Supreme Isthmus v2.1
Beyond All Reason test-31402-247bb8c
Naval balance tweaks on